Map: Bel'Shir Vestige LE

Players

TRUE

  • Race: Zerg Zerg
  • Spawn Location: 5:00

PiLiPiLi - Winner!

  • Race: Protoss Protoss
  • Spawn Location: 11:00

Event: IEM XI Katowice - World Championship 2017

VOD

Have the link to the VOD?

Description

Time

  • Played on: March 3, 2017, 5:34 a.m.
  • Length: 16:58

All games in this series

Show
View Real Time Build Order
Export as new Build Order

TRUE Zerg 

Build Orders: Hatch First 

Get SALT Encoding   

  12  0:00  Drone  
  13  0:12  Overlord  
  13  0:17  Drone  
  14  0:31  Drone x2  
  16  0:49  Hatchery  
  15  0:52  Drone  
  15  0:54  Drone  
  17  1:08  Spawning Pool  
  17  1:10  Extractor  
  15  1:12  Drone  
  15  1:16  Drone  
  17  1:19  Drone  
  18  1:28  Drone  
  19  1:38  Overlord  
  19  1:55  Queen  
  19  1:56  Zergling x2  
  19  2:00  Queen  
  19  2:01  Drone  
  25  2:03  Drone  
  26  2:12  Metabolic Boost, Drone x2  
  28  2:27  Drone x2  
  30  2:34  Drone  
  31  2:42  Overlord  
  31  2:45  Drone  
  31  2:48  Drone  
  31  2:50  Hatchery  
  32  2:54  Overlord  
  31  3:07  Zergling x2  
  31  3:09  Zergling x2  
  34  3:12  Drone  
  34  3:13  Drone x6  
  40  3:21  Queen  
  42  3:27  Drone  
  42  3:28  Baneling Nest, Drone  
  42  3:32  Overlord  
  43  3:35  Drone  
  44  3:42  Overlord  
  44  3:52  Drone x3  
  44  3:53  Extractor  
  44  3:54  Overlord  
  46  4:02  Zergling x2  
  47  4:03  Zergling x6  
  50  4:17  Zergling x18  
  61  4:24  Zergling x4  
  61  4:27  Baneling  
  61  4:28  Baneling x6  
  61  4:29  Zergling x2  
  62  4:35  Zergling x2  
  62  4:36  Zergling x4  
  65  4:39  Overlord  
  65  4:40  Zergling x4  
  66  4:48  Drone  
  66  4:51  Drone x2  
  64  4:53  Drone x3  
  64  4:56  Lair, Drone  
  68  5:00  Drone  
  68  5:05  Zergling x2  
  70  5:10  Overlord  
  70  5:11  Roach Warren  
  70  5:12  Extractor  
  70  5:13  Overlord  
  68  5:14  Extractor  
  68  5:16  Drone x3  
  70  5:21  Overlord  
  70  5:23  Drone  
  70  5:25  Drone  
  72  5:28  Zergling x2  
  72  5:29  Zergling x4  
  73  5:38  Zergling x2  
  73  5:39  Zergling x4  
  73  5:40  Baneling x5  
  76  5:45  Overlord, Drone x4  
  76  5:48  Overlord  
  80  5:52  Glial Reconstitution  
  80  6:00  Overlord  
  80  6:01  Overseer  
  80  6:02  Drone x7  
  87  6:05  Evolution Chamber, Extractor  
  85  6:19  Roach x8  
  85  6:23  Roach  
  85  6:24  Roach  
  85  6:25  Spine Crawler  
  105  6:26  Roach x2  
  105  6:27  Roach  
  105  6:28  Roach  
  113  6:34  Roach x2  
  113  6:37  Roach  
  117  6:42  Ravager x3  
  117  6:43  Overlord, Roach  
  117  6:44  Roach  
  117  6:45  Overlord  
  124  6:49  Roach x2  
  128  6:56  Roach  
  128  6:57  Roach  
  128  6:59  Roach  
  128  7:02  Roach  
  128  7:04  Roach x3  
  128  7:05  Roach  
  125  7:08  Roach  
  125  7:13  Roach  
  122  7:15  Roach  
  122  7:17  Roach  
  122  7:19  Roach  
  122  7:21  Roach  
  116  7:25  Roach  
  116  7:27  Roach  
  113  7:31  Roach  
  113  7:32  Roach  
  113  7:36  Roach  
  107  7:43  Roach  
  101  7:47  Roach  
  103  7:53  Roach x3  
  103  7:56  Roach  
  103  7:58  Roach  
  109  8:05  Hatchery  
  108  8:06  Roach  
  110  8:17  Roach  
  110  8:18  Roach  
  110  8:19  Roach  
  102  8:21  Roach x2  
  102  8:22  Roach, Ravager  
  102  8:23  Ravager x2  
  111  8:33  Roach x3  
  111  8:34  Roach  
  119  8:36  Roach  
  119  8:39  Roach  
  123  8:47  Roach  
  125  8:50  Roach  
  127  8:55  Roach  
  127  8:58  Roach  
  127  8:59  Roach x2  
  126  9:04  Roach  
  126  9:08  Roach  
  130  9:12  Ravager x2  
  132  9:19  Ravager  
  132  9:20  Roach x2  
  132  9:21  Roach  
  139  9:25  Overlord  
  139  9:30  Overlord  
  137  9:31  Overlord  
  137  9:34  Overlord  
  137  9:36  Roach  
  119  9:38  Roach  
  119  9:41  Roach  
  119  9:45  Roach x2  
  120  9:46  Roach  
  120  9:47  Roach  
  120  9:55  Ravager x2  
  120  9:56  Ravager  
  119  10:08  Hatchery  
  119  10:11  Roach x3  
  119  10:12  Roach  
  126  10:15  Roach  
  126  10:18  Roach  
  123  10:23  Roach  
  123  10:24  Roach  
  123  10:28  Roach  
  129  10:30  Roach  
  129  10:34  Roach  
  129  10:38  Roach, Ravager x2  
  133  10:48  Roach  
  135  10:50  Roach  
  135  10:53  Ravager x2  
  135  10:56  Roach  
  139  10:59  Roach  
  102  11:36  Overlord  
  102  11:37  Overlord x3  
  88  11:52  Overlord x2  
  86  11:59  Ravager x4  
  86  12:00  Roach x2  
  92  12:02  Overlord  
  90  12:13  Roach x2  
  90  12:14  Roach x3  
  94  12:16  Hatchery  
  94  12:19  Roach  
  94  12:20  Roach x2  
  99  12:26  Ravager x2  
  99  12:29  Roach x2  
  105  12:39  Roach  
  105  12:40  Roach, Ravager  
  105  12:42  Ravager  
  105  12:43  Ravager  
  112  12:45  Ravager  
  112  12:47  Ravager  
  114  12:52  Roach  
  116  13:15  Hatchery  
  115  13:21  Overlord  
  115  13:22  Ravager  
  116  13:34  Pneumatized Carapace  
  116  13:45  Ravager x5  
  116  13:47  Evolution Chamber  
  120  13:51  Roach  
  122  13:58  Overseer  
  122  13:59  Overseer  
  122  14:13  Zerg Missile Weapons Level 1  
  117  14:48  Infestation Pit  
  117  14:49  Roach x3  
  117  14:50  Overlord  
  122  14:56  Overlord  
  117  15:18  Overseer  
  114  15:24  Pathogen Glands  
  114  15:58  Infestor  
  114  15:59  Infestor  
  114  16:02  Zergling x22  
  129  16:05  Zergling x2  
  129  16:10  Zergling x2  
  129  16:11  Zergling x2  
  118  16:13  Zergling x2  
  118  16:16  Zergling x2  
Show
View Real Time Build Order
Export as new Build Order

PiLiPiLi Protoss - Winner!

Build Orders: 1 Gate Expand 

Get SALT Encoding   

  12  0:00  Probe (Chrono Boost)  
  13  0:11  Probe (Chrono Boost)  
  14  0:20  Pylon  
  14  0:22  Probe (Chrono Boost)  
  15  0:38  Gateway, Probe (Chrono Boost)  
  16  0:44  Assimilator  
  16  0:49  Probe (Chrono Boost)  
  17  0:59  Probe (Chrono Boost)  
  18  1:10  Probe (Chrono Boost)  
  19  1:19  Nexus  
  19  1:22  Probe (Chrono Boost)  
  20  1:31  Cybernetics Core  
  20  1:34  Probe (Chrono Boost)  
  21  1:44  Assimilator  
  21  1:45  Probe (Chrono Boost)  
  22  1:49  Pylon  
  22  1:55  Probe (Chrono Boost)  
  22  1:58  Warp Gate  
  23  2:03  Stalker  
  26  2:09  Probe (Chrono Boost)  
  26  2:21  Probe (Chrono Boost)  
  27  2:23  Twilight Council  
  27  2:30  Adept  
  27  2:33  Probe (Chrono Boost)  
  27  2:35  Probe (Chrono Boost)  
  32  2:45  Probe (Chrono Boost)  
  32  2:47  Probe (Chrono Boost)  
  33  2:54  Resonating Glaives  
  33  2:55  Adept  
  35  3:08  Probe (Chrono Boost)  
  35  3:10  Probe (Chrono Boost)  
  37  3:16  Gateway  
  37  3:17  Gateway  
  38  3:21  Probe (Chrono Boost)  
  38  3:22  Adept  
  38  3:25  Probe (Chrono Boost)  
  41  3:28  Robotics Facility  
  41  3:33  Probe (Chrono Boost)  
  42  3:38  Probe (Chrono Boost)  
  43  3:41  Pylon  
  43  3:43  Pylon  
  43  3:45  Probe (Chrono Boost)  
  46  3:49  Mothership Core (Chrono Boost)  
  46  4:00  Adept  
  46  4:01  Probe (Chrono Boost)  
  49  4:08  Probe (Chrono Boost)  
  49  4:09  Assimilator  
  50  4:11  Adept, Warp Prism  
  50  4:13  Probe (Chrono Boost)  
  50  4:15  Pylon  
  55  4:17  Adept  
  55  4:20  Probe (Chrono Boost)  
  58  4:29  Probe (Chrono Boost)  
  60  4:38  Probe (Chrono Boost)  
  60  4:40  Pylon  
  60  4:41  Probe (Chrono Boost)  
  60  4:50  Probe (Chrono Boost)  
  62  4:53  Probe (Chrono Boost)  
  62  4:55  Immortal  
  62  5:00  Nexus  
  62  5:02  Probe (Chrono Boost)  
  62  5:04  Adept x3  
  62  5:06  Probe (Chrono Boost)  
  74  5:15  Pylon  
  74  5:17  Pylon  
  74  5:22  Gateway x2  
  74  5:32  Immortal  
  74  5:40  Gateway  
  78  5:44  Gateway x2  
  78  5:45  Sentry x3  
  78  5:49  Pylon  
  86  5:57  Probe x2 (Chrono Boost)  
  86  6:11  Pylon  
  86  6:16  Sentry x2  
  90  6:24  Probe x2 (Chrono Boost)  
  92  6:30  Pylon  
  92  6:36  Pylon  
  92  6:37  Adept x2  
  92  6:38  Adept  
  98  6:40  Adept x3  
  98  6:41  Adept  
  106  7:02  Zealot  
  106  7:03  Zealot  
  106  7:05  Zealot  
  106  7:06  Zealot x3  
  118  7:08  Cybernetics Core  
  114  7:17  Zealot x2  
  114  7:20  Probe (Chrono Boost)  
  114  7:21  Probe (Chrono Boost)  
  114  7:22  Probe (Chrono Boost)  
  116  7:23  Zealot x2  
  116  7:29  Assimilator  
  114  7:33  Probe (Chrono Boost)  
  114  7:36  Immortal  
  105  7:37  Zealot x6  
  111  7:53  Probe (Chrono Boost)  
  111  7:54  Probe x2 (Chrono Boost)  
  104  8:00  Sentry x2  
  104  8:01  Sentry x3, Stalker  
  104  8:02  Stalker x2  
  119  8:06  Probe (Chrono Boost)  
  119  8:07  Pylon  
  119  8:09  Probe x2 (Chrono Boost)  
  117  8:17  Immortal  
  107  8:24  Zealot, Stalker  
  107  8:25  Zealot x5  
  119  8:41  Zealot  
  121  8:57  Adept  
  121  9:01  Stalker  
  121  9:02  Stalker x3  
  121  9:09  Pylon  
  121  9:12  Pylon, Probe (Chrono Boost)  
  121  9:15  Assimilator  
  122  9:17  Assimilator  
  122  9:22  Stalker x3, Immortal  
  122  9:24  Adept x2, Sentry  
  132  9:25  Adept x2  
  114  9:45  Adept x8  
  128  9:56  Warp Prism  
  128  9:58  Forge  
  128  10:01  Pylon  
  128  10:05  Stalker x4  
  122  10:15  Stalker x3  
  122  10:19  Protoss Ground Weapons Level 1  
  128  10:32  Immortal  
  128  10:39  Adept x5  
  142  10:43  Adept  
  142  10:44  Adept  
  142  10:48  Adept  
  133  11:04  Adept x2  
  133  11:05  Adept x4  
  141  11:14  Adept x2  
  135  11:22  Adept  
  122  11:31  Adept  
  122  11:32  Zealot, Adept x2  
  107  11:33  Zealot  
  105  11:43  Sentry x2  
  97  12:02  Stalker x2  
  97  12:03  Stalker x2  
  103  12:15  Probe (Chrono Boost)  
  103  12:16  Probe (Chrono Boost)  
  103  12:17  Probe (Chrono Boost)  
  104  12:24  Sentry x2  
  104  12:25  Sentry  
  110  12:30  Pylon  
  110  12:45  Robotics Bay  
  110  13:10  Probe x3 (Chrono Boost)  
  111  13:21  Robotics Facility  
  111  13:22  Dark Shrine  
  114  13:39  Protoss Ground Weapons Level 2  
  114  13:47  Stalker x2  
  118  13:50  Disruptor  
  118  13:58  Adept x2  
  118  13:59  Adept x2  
  126  14:03  Disruptor  
  129  14:21  Disruptor  
  130  14:34  Disruptor  
  130  14:38  Blink  
  130  14:45  Dark Templar  
  135  14:48  Dark Templar  
  135  14:50  Dark Templar  
  139  14:56  Colossus  
  139  14:57  Disruptor  
  142  15:00  Dark Templar  
  144  15:11  Disruptor  
  142  15:21  Stalker x6  
  145  15:22  Stalker  
  143  15:33  Disruptor  
  146  15:38  Stalker  
  146  15:41  Pylon  
  146  15:42  Pylon  
  148  15:54  Stalker x2  
  148  16:03  Nexus  
  148  16:05  Pylon  
  148  16:15  Stalker  
  148  16:16  Stalker x5  
  154  16:19  Stalker x2  
  154  16:52  Stalker x3  

Tags
 
Add a new tag
Caveats
  • Supply blocks, unpowered buildings, or Contaminate may cause inaccurate times.
  • Supply counts are checked every 10 seconds.